 Dungeon Crawl Stone Soup version 0.28-a0-622-gbaef9634d7 (webtiles) character file.

Game seed: 2614700094301381235

26131 KristoblXynda the Fencer (level 12, -8/106 HPs)
             Began as a White Draconian Gladiator on Oct 6, 2021.
             Was an Initiate of Gozag.
             Mangled by an orc knight (29 damage)
             ... on level 12 of the Dungeon.
             The game lasted 00:19:47 (12013 turns).

KristoblXynda the Fencer (DrGl)                    Turns: 12013, Time: 00:19:47

Health: -8/106     AC: 14    Str: 16    XL:     12   Next: 95%
Magic:  18/19      EV: 16    Int: 13    God:    Gozag
Gold:   2758       SH:  0    Dex: 14    Spells: 19/20 levels left

rFire   . . .      SeeInvis +   p - +8 great sword of the Sky {venom, rPois rN+}
rCold   + . .      Faith    .   (shield currently unavailable)
rNeg    + + .      Spirit   .   (armour unavailable)
rPois   +          Reflect  .   E - +1 hat {Will+}
rElec   .          Harm     .   (no cloak)
rCorr   .          Rampage  .   (no gloves)
Will    +....                   x - +0 pair of boots
Stlth   +.........              b - amulet "Besuw" {Regen+ SInv}
HPRegen 1.27/turn               r - +4 ring of protection
MPRegen 0.16/turn               e - ring of positive energy

@: gold aura, studying Bows
A: breathe frost, AC +8, unfitting armour, cold resistance 1, cold-blooded
a: Breathe Frost, Renounce Religion, Potion Petition, Call Merchant, Bribe
Branch


You were on level 12 of the Dungeon.
You worshipped Gozag.
Gozag was most pleased with you.
You visited 2 branches of the dungeon, and saw 14 of its levels.

You collected 3116 gold pieces.
You spent 333 gold pieces at shops.
You paid 25 gold pieces to Gozag.

Inventory:

Hand Weapons
 p - the +8 great sword of the Sky (weapon) {venom, rPois rN+}
   (You bought it in a shop on level 3 of the Dungeon)

   It poisons the flesh of those it strikes.
   rPois:     It protects you from poison.
   rN:        It protects you from negative energy.
 w - a +5 long sword of venom
Missiles
 c - 5 throwing nets (quivered)
Armour
 x - a +0 pair of boots (worn)
 C - a +2 buckler
 E - a +1 hat of willpower (worn)
Jewellery
 b - the amulet "Besuw" (around neck) {Regen+ SInv}
   (You found it on level 12 of the Dungeon)

   [amulet of regeneration]

   SInv:      It lets you see invisible.
   Regen:     It increases your rate of health regeneration.
 e - a ring of positive energy (right hand)
 m - a ring of protection from cold
 r - a +4 ring of protection (left hand)
 t - a ring of protection from fire
Wands
 a - a wand of paralysis (4)
 n - a wand of iceblast (13)
 B - a wand of acid (2)
Scrolls
 g - a scroll of fear
 h - a scroll of fog
 k - 2 scrolls of blinking
 v - a scroll of enchant weapon {unknown}
 y - a scroll of acquirement {unknown}
Potions
 d - a potion of resistance
 f - 2 potions of attraction
 i - 4 potions of heal wounds
 o - 4 potions of curing
 s - 5 potions of lignification
 z - a potion of haste {unknown}


   Skills:
 - Level 10.1 Fighting
 + Level 15.9 Long Blades
 - Level 2.0 Throwing
 + Level 9.6 Dodging
 + Level 4.6 Spellcasting
 - Level 5.0 Conjurations
 + Level 4.1 Evocations


You had 19 spell levels left.
You knew the following spells:

 Your Spells              Type           Power      Damage    Failure   Level
a - Shock                 Conj/Air       36%        1d5       7%          1

Your spell library contained the following spells:

 Spells                   Type           Power      Damage    Failure   Level
 Foxfire                  Conj/Fire      36%        2x1d5     7%          1
 Apportation              Tloc           6%         N/A       19%         1
 Conjure Flame            Conj/Fire      9%         6-21      21%         3
 Stone Arrow              Conj/Erth      18%        3d8       21%         3
 Ignite Poison            Fire/Tmut/Pois 3%         N/A       50%         3
 Inner Flame              Hex/Fire       3%         N/A       50%         3
 Ozocubu's Armour         Ice            3%         N/A       50%         3
 Swiftness                Air            3%         N/A       50%         3
 Flame Wave               Conj/Fire      9%         3d4       56%         4
 Sticky Flame             Conj/Fire      9%         2d3       56%         4
 Airstrike                Air            1%         N/A       88%         4
 Petrify                  Tmut/Erth      3%         N/A       88%         4
 Alistair's Intoxication  Tmut/Pois      2%         N/A       99%         5
 Metabolic Englaciation   Hex/Ice        1%         N/A       99%         5
 Invisibility             Hex            1%         N/A       100%        6
 Simulacrum               Ice/Necr       1%         N/A       100%        6
 Statue Form              Tmut/Erth      2%         N/A       100%        6
 Lehudib's Crystal Spear  Conj/Erth      4%         10d3      100%        8
 Animate Armour           Summ/Erth      Unusable   N/A       N/A         4

Dungeon Overview and Level Annotations

Branches:
Dungeon (13/15) Temple (1/1) D:5 Lair (0/6) D:8 Orc (0/2) D:9 Vaults (0/5) D:12 D:13

Altars:
Ashenzari
Cheibriados
Dithmenos
Elyvilon
Fedhas
Gozag
Hepliaklqana
Kikubaaqudgha
Makhleb
Nemelex Xobeh
Okawaru
Qazlal
Ru
Sif Muna
Trog
Uskayaw
Vehumet
Wu Jian
Xom
Yredelemnul
Zin
The Shining One

Shops:
D:3 *((   D:7 [

Annotations:
D:10 1 runed translucent door, britomartis's ghost, journeyman OpCA
D:13 Urug


Innate Abilities, Weirdness & Mutations

You can breathe waves of freezing cold which knock back foes.
Your icy white scales are hard. (AC +8)
You cannot fit into any form of body armour.
Your flesh is cold resistant. (rC+)
You are cold-blooded and may be slowed by cold attacks.


Message History

The human barely misses you. The human hits you but does no damage.
Unknown command.
You hit the human.
The human is lightly wounded.
The human completely misses you. The human closely misses you.
Unknown command.
You hit the human but do no damage.
The human is poisoned.
The human closely misses you. The human hits you but does no damage.
The human hits you.
* * * LOW HITPOINT WARNING * * *
The human barely misses you.
Unknown command.
The human hits you but does no damage. The human barely misses you.
You slash the human!
The human looks as sick as possible!
You tail-slap the human.
The human is heavily wounded.
The human closely misses you. The human hits you but does no damage.
Unknown command.
The human closely misses you.
Unknown command.
You barely miss the human.
The human is almost dead.
The human misses you. The human hits you but does no damage.
Unknown command.
The human hits you but does no damage. The human closely misses you.
The human is distracted by your dazzling golden aura.
The human hits you but does no damage.
You closely miss the orc knight.
The orc knight is almost dead.
You kill the human!
The orc knight hits you with a +3 battleaxe!
* * * LOW HITPOINT WARNING * * *
The human hits you.
* * * LOW HITPOINT WARNING * * *
The human shouts!
Unknown command.
The human is no longer distracted by gold.
The orc knight hits you with a +3 battleaxe!!
You die...
Your body crumbles into a pile of gold.

......#.........#......#....#....
......#.........+......#.)((#....
###...#.........#......'.(.(#....
# #...#.........#......#.........
# #...#........##......#.........
###...#........#########.........
......#........#..........#####'#
......#........#[.....#...#.....#
......#........#@.....#...#.....'
.#....#........#.o....#...#.....#
......##########pp....#...#.....#
......##########p..>$.#...#.....#
....^.#........#..........#..####
......#........#####'######..####
......#..............#.......##..
......#..............#>......##..
......#..............#/......##..


You could see an orc knight (poisoned) and 3 humans.

Vanquished Creatures
  Gastronok (D:12)
  A hydra (D:11)
  A centaur warrior (D:12)
  7 two-headed ogres
  Sonja (D:10)
  2 cyclopes
  2 manticores (D:11)
  2 ugly things (D:12)
  An elephant (D:8)
  A gargoyle (D:12)
  An unseen horror (D:12)
  A kobold demonologist (D:12)
  A yaktaur (shapeshifter) (D:11)
  3 trolls
  A komodo dragon (D:11)
  2 hornets
  A slime creature (D:12)
  Sigmund (D:6)
  2 basilisks (D:8)
  2 wyverns
  A shadow (D:11)
  17 yaks
  12 humans (D:12)
  A vampire mosquito (D:10)
  2 steam dragons (D:8)
  3 water moccasins
  Purgy (D:4)
  8 orc warriors
  A black bear (D:6)
  4 ogres
  2 centaurs
  2 phantoms
  10 kobold brigands
  A wyvern zombie (D:7)
  5 bullfrogs
  A gnoll sergeant (D:8)
  2 scorpions
  11 killer bees (D:10)
  6 wights
  3 jellies (D:4)
  2 vampire bats (D:4)
  5 electric eels (D:10)
  4 centaur zombies
  6 hounds
  3 gnoll shamans
  4 orc priests
  A bullfrog skeleton (D:5)
  A centaur skeleton (D:4)
  4 orc wizards
  Natasha (twice) (D:2)
  Terence (D:2)
  5 iguanas
  A scorpion zombie (D:5)
  Robin (D:4)
  27 gnolls
  9 adders
  2 white imps
  2 ufetubi
  A worm (D:5)
  A dart slug (D:1)
  23 orcs
  2 bat skeletons (D:5)
  4 bat zombies (D:5)
  12 endoplasms
  2 giant cockroaches
  16 goblins
  11 hobgoblins
  4 jackals
  19 kobolds
  A quokka (D:5)
  5 ball pythons
  13 bats
  3 frilled lizards
  A quokka zombie (D:4)
  3 rats (D:2)
328 creatures vanquished.

Vanquished Creatures (collateral kills)
  A sky beast (D:7)
  An iguana (D:7)
2 creatures vanquished.

Grand Total: 330 creatures vanquished

Notes
Turn   | Place    | Note
-------+----------+-------------------------------------------
     0 | D:1      | KristoblXynda the Draconian Gladiator began the quest for
                  | the Orb.
     0 | D:1      | Reached XP level 1. HP: 17/17 MP: 1/1
   229 | D:1      | Reached XP level 2. HP: 15/25 MP: 2/2
   633 | D:1      | Found a faded altar of an unknown god.
   871 | D:1      | Reached XP level 3. HP: 29/30 MP: 3/3
  2006 | D:2      | Noticed Natasha
  2006 | D:2      | Noticed Terence
  2040 | D:2      | Killed Natasha
  2041 | D:2      | Reached skill level 4 in Long Blades
  2041 | D:2      | Reached XP level 4. HP: 22/38 MP: 4/4
  2057 | D:2      | Killed Terence
  2161 | D:2      | Noticed Natasha
  2343 | D:2      | Killed Natasha
  2344 | D:2      | Reached XP level 5. HP: 20/45 MP: 5/5
  2554 | D:2      | Found a blossoming altar of Fedhas.
  2988 | D:3      | Found an opulent altar of Gozag.
  2989 | D:3      | Found Gozag's Platinum Reserve.
  2997 | D:3      | Became a worshipper of Gozag Ym Sagoz the Greedy
  3291 | D:3      | Found Rotausot's Antique Weapon Emporium.
  3338 | D:3      | Found Soafiapt's Antique Weapon Emporium.
  4083 | D:4      | Reached skill level 5 in Long Blades
  4092 | D:4      | Reached XP level 6. HP: 20/52 MP: 6/6
  4487 | D:4      | Found a broken altar of Ashenzari.
  4729 | D:4      | Reached skill level 6 in Long Blades
  4729 | D:4      | Your scales start taking on an icy white colour.
  4729 | D:4      | Reached XP level 7. HP: 50/60 MP: 7/7
  4729 | D:4      | Gained mutation: Your flesh is cold resistant. (rC+) [White
                  | Draconian growth]
  4898 | D:4      | Noticed Robin
  4950 | D:4      | Killed Robin
  4996 | D:4      | Noticed Purgy
  5010 | D:4      | Reached skill level 5 in Fighting
  5025 | D:4      | Killed Purgy
  5296 | D:3      | Bought a steaming great sword for 333 gold pieces
  5296 | D:3      | Identified the +8 great sword of the Sky {venom, rPois rN+}
                  | (You bought it in a shop on level 3 of the Dungeon)
  5327 | D:5      | Entered Level 5 of the Dungeon
  5371 | D:5      | Reached skill level 7 in Long Blades
  5388 | D:5      | Reached skill level 5 in Dodging
  5388 | D:5      | Reached XP level 8. HP: 20/69 MP: 8/8
  5688 | D:5      | Reached skill level 8 in Long Blades
  5743 | D:5      | Found a staircase to the Ecumenical Temple.
  5816 | D:5      | Found a glowing silver altar of Zin.
  5867 | D:5      | Found a snail-covered altar of Cheibriados.
  5868 | D:5      | Found an ornate altar of the Wu Jian Council.
  5913 | D:5      | Found an ancient bone altar of Kikubaaqudgha.
  6120 | Temple   | Entered the Ecumenical Temple
  6524 | D:6      | Found a bloodstained altar of Trog.
  6782 | D:6      | Noticed Sigmund
  6786 | D:6      | Found a faded altar of an unknown god.
  6786 | D:6      | Found a hazy altar of Hepliaklqana.
  6788 | D:6      | Killed Sigmund
  6789 | D:6      | Reached XP level 9. HP: 78/78 MP: 9/9
  6796 | D:6      | Learned a level 1 spell: Shock
  6959 | D:6      | Reached skill level 9 in Long Blades
  7077 | D:7      | Found Qonluenwif's Antique Armour Emporium.
  7599 | D:8      | Reached skill level 10 in Long Blades
  7608 | D:8      | Reached skill level 14 in Long Blades
  7608 | D:8      | Reached XP level 10. HP: 86/86 MP: 10/10
  7673 | D:8      | Noticed an elephant
  7674 | D:8      | Found a staircase to the Lair.
  7689 | D:8      | Killed an elephant
  7716 | D:8      | Reached skill level 1 in Conjurations
  7792 | D:8      | Reached XP level 11. HP: 94/94 MP: 11/11
  7946 | D:8      | Noticed a two-headed ogre
  7958 | D:8      | Killed a two-headed ogre
  8543 | D:9      | Found a sacrificial altar of Ru.
  8623 | D:9      | Found a white marble altar of Elyvilon.
  8645 | D:9      | Found a burning altar of Makhleb.
  8648 | D:9      | Noticed a two-headed ogre
  8652 | D:9      | Killed a two-headed ogre
  8804 | D:9      | Found a staircase to the Orcish Mines.
  9095 | D:9      | Found an iron altar of Okawaru.
  9424 | D:10     | Entered Level 10 of the Dungeon
  9513 | D:10     | Noticed a two-headed ogre
  9519 | D:10     | Killed a two-headed ogre
  9520 | D:10     | Reached skill level 15 in Long Blades
  9715 | D:10     | Reached skill level 5 in Conjurations
 10120 | D:10     | Found a runed translucent door.
 10122 | D:10     | Found a shimmering altar of Xom.
 10122 | D:10     | Noticed britomartis's ghost (journeyman OpCA)
 10123 | D:10     | Noticed a +4 hand axe of chaos
 10130 | D:10     | Noticed Sonja
 10140 | D:10     | Killed Sonja
 10141 | D:10     | Reached skill level 1 in Spellcasting
 10336 | D:11     | Noticed a six-headed hydra
 10343 | D:11     | Killed a six-headed hydra
 10344 | D:11     | Reached XP level 12. HP: 72/106 MP: 12/14
 10404 | D:11     | Noticed a two-headed ogre
 10405 | D:11     | Noticed a six-headed hydra
 10406 | D:11     | Noticed a six-headed hydra
 10496 | D:11     | Noticed an eight-headed hydra
 10615 | D:11     | Reached skill level 10 in Fighting
 10827 | D:12     | Noticed a two-headed ogre
 10843 | D:12     | Killed a two-headed ogre
 10844 | D:12     | Reached skill level 1 in Evocations
 10954 | D:12     | Noticed a two-headed ogre
 10961 | D:12     | Killed a two-headed ogre
 11276 | D:12     | Noticed Gastronok
 11286 | D:12     | Killed Gastronok
 11378 | D:12     | Identified the amulet "Besuw" {Regen+ SInv}
 11458 | D:12     | Noticed a two-headed ogre
 11468 | D:12     | Killed a two-headed ogre
 11854 | D:13     | Noticed a centaur warrior
 11854 | D:13     | Noticed a two-headed ogre
 11854 | D:13     | Noticed Urug
 11854 | D:13     | Found a gate to the Vaults.
 11918 | D:12     | Killed a two-headed ogre
 11998 | D:12     | Killed a centaur warrior
 12013 | D:12     | Mangled by an orc knight

Illustrated notes

Levels and vault maps discovered:
D:1:      roderic_octagonal_star, layout_basic,
          hellmonk_ecumenical_altar_slurped_away, kennysheep_crisscross,
          kennysheep_small_spiral, minmay_bisected
D:2:      layout_basic, basic_altar, hex_medium, lemuel_another_geyser,
          uniq_natasha, uniq_terence
D:3:      layout_loops_ring, nicolae_gozag_zags_fifth_avenue, serial_shops,
          nicolae_square_shop, nicolae_shop_stone
D:4:      layout_gridville, evilmike_ruin_ashenzari, roderic_batcave,
          minmay_manual_monstrance, uniq_purgy, uniq_robin
D:5:      layout_cave_pools, grunt_temple_overflow_open,
          kennysheep_vampire_church, minmay_temple_entry_mist,
          serial_bayou_lagoon_a, st_stairs_7, grunt_decor_cap
D:6:      layout_loops_ring, amcnicky_altar_gilded,
          beargit_hepliaklqana_dungeon_heroes
D:7:      layout_rooms, serial_shops, shop, chequers_serial_rivers_small_b,
          minmay_liquid_box
D:8:      layout_cave_pods, david_lair_generic
D:9:      layout_roguey, nicolae_ru_the_path_less_chosen, lemuel_round_altar,
          mainiacjoe_overflow_brackets, elyvilon_altar_5,
          kennysheep_orc_monster_closet_entryway, nicolae_zen_rock_garden,
          chequers_serial_rivers_small_b
D:10:     layout_basic, ebering_ghost_xom, minmay_door_square, uniq_sonja
D:11:     hangedman_cross_cluster, layout_basic
D:12:     layout_stronghold, minmay_misc_feat_x, uniq_gastronok
D:13:     layout_long_grid, david_vaults_3
Temple:   jpeg_temple_alley_garden

Skill      XL: |  1  2  3  4  5  6  7  8  9 10 11 12 |
---------------+-------------------------------------+-----
Throwing       | 2 |  2.0
Dodging        | 3 4 5 6 7 8 9 |  9.6
Fighting       | 3 4 5 6 7 8 9 10 | 10.1
Long Blades    | 4 5 6 7 8 14 15 | 15.9
Conjurations   | 2 5 |  5.0
Spellcasting   | 1 4 |  4.6
Evocations     | 4 |  4.1

Action                   |  1- 3 |  4- 6 |  7- 9 | 10-12 || total
-------------------------+-------+-------+-------+-------++-------
Melee: Long sword        |   136 |   209 |   134 |       ||   479
       Tailslap          |    14 |    16 |    37 |    57 ||   124
       Great sword       |       |       |   167 |   450 ||   617
Throw: Throwing net      |       |     2 |     1 |       ||     3
 Cast: Shock             |       |       |       |     1 ||     1
 Abil: Breathe Frost     |       |       |     1 |     1 ||     2
Evoke: Wand              |       |       |       |    13 ||    13
  Use: Potion            |     3 |       |     3 |     2 ||     8
       Scroll            |     2 |     2 |     7 |     6 ||    17
 Stab: Sleeping          |     1 |       |       |       ||     1
       Distracted        |       |       |       |     4 ||     4
       Paralysed         |       |       |       |     3 ||     3
Armor: Skin              |    53 |    70 |   162 |   232 ||   517
Dodge: Dodged            |   101 |   154 |   335 |   455 ||  1045

Table legend: (Time is in decaauts)
 A = Elapsed time spent in this place.
 B = Non-inter-level travel time spent in this place.
 C = Inter-level travel time spent in this place.
 D = Time resting spent in this place.
 E = Time spent auto-exploring this place.
 F = Levels seen in this place.
 G = Mean time per level.
                   A        B        C        D        E       F      G
               +--------+--------+--------+--------+--------+-----+--------+
         Total |  12158 |  11566 |    592 |   1465 |   7297 |  14 |  868.4 |
       Dungeon |  11931 |  11391 |    540 |   1465 |   7127 |  13 |  917.8 |
        Temple |    227 |    175 |     52 |      0 |    170 |   1 |  227.0 |
               +--------+--------+--------+--------+--------+-----+--------+

Top non-repeatable levels by time:
     D:2: 1675 daAuts
     D:4: 1512 daAuts
     D:1: 1316 daAuts
    D:12: 1196 daAuts
     D:3: 971 daAuts
     D:8: 962 daAuts
    D:10: 948 daAuts
     D:9: 877 daAuts
     D:5: 870 daAuts
     D:6: 611 daAuts
     D:7: 528 daAuts
    D:11: 453 daAuts
  Temple: 227 daAuts
    D:13: 8 daAuts
